AoeStats
← Nou Mene

Black Forest

510446698Analyzed
2v2 RM · 16h ago on Oct 1, 2026· 53m 11s· 4 players
Game mode
Random Map
Map size
Medium (4 player)
Population
200
Speed
Normal
Resources
Standard
Victory
Conquest
Starting age
Dark Age
Ending age
Imperial Age
RankedLock teamsTeams togetherTeam positionsShared explorationLock speedFull tech treeHidden civsTurbo modeCheats
Victory
Defeat
🇨🇱 Italians · Chile
1021
+14
🇨🇱 Muisca · Chile
964
+17
🇺🇸 Teutons · United States
1046
-18
🇺🇸 Mongols · United States
922
-13
RLF_jcat
0:26 Loom
15:35 Feudal Age
17:26 Fishing Lines
17:35 Double-Bit Axe
20:10 Castle Age
19:17 Stone Mining
19:08 Horse Collar
21:09 Bow Saw
23:43 Gillnets
24:55 Gold Mining
26:49 Wheelbarrow
28:14 Stone Shaft Mining
29:06 Fortified Wall
32:46 Imperial Age
31:21 Hand Cart
30:51 Town Watch
32:19 Caravan
32:13 Fletching
32:26 Padded Archer Armor
32:31 Scale Barding Armor
32:37 Forging
33:24 Ironclad
34:00 Conscription
34:49 Two-Man Saw
33:51 Heavy Plow
33:56 Elite Teutonic Knight
34:24 Cavalier
36:05 Heavy Scorpion
37:25 Iron Casting
39:03 Chain Barding Armor
39:43 Blast Furnace
38:46 Scale Mail Armor
39:20 Crenellations
40:26 Chemistry
39:31 Siege Engineers
40:19 Crop Rotation
41:38 Bodkin Arrow
45:26 Plate Barding Armor
45:07 Chain Mail Armor
46:38 Paladin
48:40 Plate Mail Armor
47:34 Elite Skirmisher
49:35 Bloodlines
51:58 Ballistics
51:49 Masonry
52:24 Town Patrol
53:47 Leather Archer Armor
fearmenot614
0:27 Loom
13:24 Feudal Age
16:31 Double-Bit Axe
19:52 Castle Age
21:19 Bow Saw
20:56 Horse Collar
21:58 Wheelbarrow
21:40 Heavy Plow
27:49 Hand Cart
30:40 Caravan
33:49 Padded Archer Armor
33:39 Fletching
34:01 Forging
33:57 Scale Barding Armor
34:08 Gold Mining
34:08 Stone Mining
36:54 Imperial Age
48:58 Bloodlines
48:49 Husbandry
48:12 Light Cavalry
50:25 Hussar
Nou Mene
12:45 Feudal Age
13:14 Double-Bit Axe
21:29 Castle Age
22:47 Crossbowman
23:53 Fletching
24:23 Squires
23:46 Pikeman
25:46 Bow Saw
25:21 Horse Collar
28:03 Heavy Plow
28:11 Bodkin Arrow
29:17 Coinage
30:22 Thumb Ring
30:29 Gold Mining
38:38 Imperial Age
36:44 Scale Mail Armor
37:39 Herbalism
37:20 Champi Runner
38:17 Forging
38:23 Chain Mail Armor
38:05 Champi Warrior
39:06 Arbalester
41:21 Crop Rotation
41:52 Two-Man Saw
41:32 Gold Shaft Mining
42:57 Bracer
43:33 Iron Casting
43:29 Plate Mail Armor
43:00 Padded Archer Armor
43:21 Huaracas
43:11 Elite Champi Warrior
45:28 Stone Mining
46:59 Leather Archer Armor
48:10 Elite Guecha Warrior
50:15 Ballistics
50:55 Chemistry
50:04 Siege Engineers
51:33 Elite Temple Guard
yerkez
0:40 Loom
12:06 Feudal Age
15:38 Castle Age
15:42 Double-Bit Axe
15:48 Fishing Lines
16:38 Gillnets
17:51 Bow Saw
26:56 Imperial Age
24:40 Scale Mail Armor
25:10 Forging
26:05 Chain Mail Armor
26:45 Wheelbarrow
25:57 Town Watch
27:34 Iron Casting
27:02 Squires
26:50 Arson
28:10 Plate Mail Armor
27:42 Capped Ram
29:41 Blast Furnace
31:02 Chemistry
32:37 Hand Cart
36:15 Fletching
35:57 Pikeman
37:14 Ballistics
36:50 Murder Holes
37:06 Masonry
36:36 Treadmill Crane
39:57 Onager
41:00 Bodkin Arrow
44:24 Bracer
46:25 Caravan
46:16 Gold Mining
46:09 Horse Collar
51:15 Town Patrol
51:17 Padded Archer Armor
53:49 Leather Archer Armor
Connection lost

Rejoining the realm…

Still unreachable

The connection could not be restored.

Session expired

The server has moved on; the page needs a fresh start.